 Dungeon Crawl Stone Soup version 0.30-a0-782-ge64f9170bb (webtiles) character file.

Game seed: 15003007103734488398

405 Leeroy the Carver (level 6, -1/44 HPs)
             Began as a Merfolk Gladiator on Feb 25, 2023.
             Was a Follower of Okawaru.
             Slain by an orc wizard
             ... wielding a +0 dagger
              (3 damage)
             ... on level 4 of the Dungeon.
             The game lasted 00:04:10 (3496 turns).

Leeroy the Carver (Merfolk Gladiator)               Turns: 3496, Time: 00:04:10

Health: -1/44      AC:  4    Str: 21    XL:     6   Next: 87%
Magic:  15/15      EV: 13    Int:  7    God:    Okawaru [*.....]
Gold:   149        SH:  0    Dex: 17    Spells: 5/5 levels left

rFire   . . .      SeeInvis .    a - +0 long sword
rCold   + . .      Faith    .    w - orb {*Rage}
rNeg    . . .      Spirit   .    h - +0 leather armour {rC+}
rPois   .          Reflect  .    c - +0 helmet
rElec   .          Harm     .    (no cloak)
rCorr   .          Rampage  .    (no gloves)
Will    .....      Rage     20%  (no boots)
Stlth   +                        p - amulet of the acrobat
HPRegen 0.27/turn                u - +6 ring of strength
MPRegen 0.14/turn                t - ring of magical power

@: confused, lethally poisoned (-1 -> -2), on berserk cooldown, slowed, very
slow
A: (nimble swimmer 2), mertail
a: Renounce Religion, Heroism


You were on level 4 of the Dungeon.
You worshipped Okawaru.
Okawaru was aware of your devotion.
You visited 1 branch of the dungeon, and saw 4 of its levels.

You collected 149 gold pieces.

Inventory:

Hand Weapons
 a - a +0 long sword (weapon)
Missiles
 d - 3 throwing nets (quivered)
 e - a javelin
 l - 15 poisoned darts
Armour
 b - a +0 leather armour
 c - a +0 helmet (worn)
 h - a +0 leather armour of cold resistance (worn)
 w - an orb of wrath (worn)
Jewellery
 p - an amulet of the acrobat (around neck)
 t - a ring of magical power (right hand)
 u - a +6 ring of strength (left hand)
Wands
 k - a wand of acid (12)
 q - a wand of roots (9)
Scrolls
 f - 2 scrolls of fog {unknown}
 g - 2 scrolls of noise {unknown}
 m - 3 scrolls of identify {unknown}
 n - 2 scrolls of teleportation {unknown}
 v - a scroll of blinking {unknown}
Potions
 i - 2 potions of cancellation {unknown}
 j - a potion of invisibility {unknown}
 o - a potion of degeneration {unknown}
 r - 2 potions of lignification {unknown}
 s - a potion of curing {unknown}


   Skills:
 - Level 2.1 Fighting
 + Level 9.0 Long Blades
 - Level 2.0 Throwing
 - Level 4.0 Dodging


You had 5 spell levels left.
You didn't know any spells.
Your spell library contained the following spells:

 Spells                   Type           Power      Damage    Failure   Level
 Sting                    Tmut/Pois      0%         1d3       47%         1
 Poisonous Vapours        Pois/Air       0%         N/A       63%         2
 Olgreb's Toxic Radiance  Pois           0%         N/A       99%         4


Dungeon Overview and Level Annotations

Branches:
Dungeon (4/15)
 Temple: D:4-7

Altars:
Makhleb
Nemelex Xobeh
Okawaru

Shops:
D:4 =

Annotations:
D:2 1 runed translucent door, Crazy Yiuf
D:3 2 transporters, derval's ghost, weakling OpSu


Innate Abilities, Weirdness & Mutations

((You are very nimble when in or above water. (Stealth+, EV+, Speed+++)))
Your lower body shifts to a powerful aquatic tail in water.


Message History

You feel sick.
The scorpion stings you but does no damage.
The orc hits you with a +0 war axe.
You slice the scorpion!!
You kill the scorpion!
Okawaru accepts your kill.
You feel sick. Something completely misses you. The orc barely misses you. x2
Your Long Blades skill increases to level 9!
Found a spear.
You feel sick.
Things that are here:
a +0 dagger; a +0 robe; a scorpion corpse You slice the orc!!
You kill the orc!
Okawaru accepts your kill.
You feel sick.
You hear some strange, mumbled words.
A puff of flame appears from out of thin air!
The puff of flame misses you. The orc hits you with a +0 club.
You feel sick.
You hear some strange, mumbled words.
A puff of flame appears from out of thin air!
The puff of flame hits you!
* * * LOW HITPOINT WARNING * * *
Things that are here:
a +0 war axe; an orc corpse You slash the orc!
You kill the orc!
Okawaru accepts your kill.
You are no longer berserk.
You are exhausted.
You feel yourself slow down.
You feel sick.
You hear some strange, mumbled words.
You are confused.
Items here: )) [ ††.
You barely miss something.
You feel sick. Something hits you.
* * * LOW HITPOINT WARNING * * *
You completely miss something.
* * * LOW HITPOINT WARNING * * *
You feel sick. Something hits you.
You die...

..>........######..##...
.#####..#..........#....
.....##.#####........
###.#.##.# #.#.#....
#.#.##.# .........
#.#.##.# ##.#.#.#..
###.#.##.##.##.....#.#
..)#...).....>.# #.# #..
#......)@{..#### #.#
##.#.#.#.#### #. # #.#.#
# #...# ##..# #. #... ..
#.## #. #. .. #.


There were no monsters in sight!

Vanquished Creatures
  An ogre (D:4)
  A scorpion (D:4)
  A hound (D:3)
  An orc priest (D:4)
  2 orc wizards (D:4)
  3 adders
  4 gnolls
  An ufetubus (D:4)
  3 dart slugs
  9 orcs
  3 bats
  4 endoplasms
  2 giant cockroaches
  3 goblins
  5 hobgoblins
  7 jackals (D:1)
  3 quokkas
  6 ball pythons
  4 frilled lizards
  2 kobolds
  10 rats (D:2)
75 creatures vanquished.

Notes
Turn   | Place    | Note
-------+----------+-------------------------------------------
     0 | D:1      | Leeroy the Merfolk Gladiator began the quest for the Orb.
     0 | D:1      | Reached XP level 1. HP: 16/16 MP: 1/1
   158 | D:1      | Reached skill level 4 in Long Blades
   163 | D:1      | Reached XP level 2. HP: 22/22 MP: 2/2
   778 | D:2      | Reached XP level 3. HP: 21/27 MP: 3/3
   832 | D:2      | Reached skill level 5 in Long Blades
   955 | D:2      | Found a runed translucent door.
   956 | D:2      | Noticed Crazy Yiuf
  1500 | D:3      | Found a burning altar of Makhleb.
  1671 | D:3      | Found a transporter.
  1673 | D:3      | Noticed a scorpion
  1674 | D:3      | Found a transporter.
  1674 | D:3      | Noticed derval's ghost (weakling OpSu)
  1721 | D:3      | Found a faded altar of an unknown god.
  2043 | D:2      | Reached XP level 4. HP: 22/33 MP: 4/4
  2264 | D:2      | Reached skill level 6 in Long Blades
  2453 | D:3      | Found a sparkling altar of Nemelex Xobeh.
  2753 | D:3      | Found an iron altar of Okawaru.
  2840 | D:3      | Became a worshipper of Warmaster Okawaru
  2922 | D:3      | Reached skill level 7 in Long Blades
  2922 | D:3      | Reached XP level 5. HP: 18/38 MP: 5/5
  3140 | D:4      | Found Senojar's Jewellery Shop.
  3389 | D:4      | Noticed an ogre
  3395 | D:4      | Killed an ogre
  3396 | D:4      | Reached skill level 8 in Long Blades
  3396 | D:4      | Reached XP level 6. HP: 43/44 MP: 6/6
  3481 | D:4      | Reached * piety under Okawaru
  3490 | D:4      | Reached skill level 9 in Long Blades
  3495 | D:4      | HP: 2/44 [something (2)]
  3496 | D:4      | Slain by an orc wizard

Illustrated notes

Levels and vault maps discovered:
D:1:      roderic_dead_forest, layout_loops_ring
D:2:      layout_loops_ring, minmay_rat_gold_closets, uniq_crazy_yiuf_cottage
D:3:      layout_basic, lemuel_tele_altar, nemelex_xobeh_ov_fountains_minmay,
          mainiacjoe_overflow_alcove_2, ebering_ecumenical_altar_petrified,
          gammafunk_ghost_arena, hangedman_abyss_or_decor_lesser_grid
D:4:      layout_loops_ring, zin_statuary, serial_shops,
          nicolae_shop_temple_entry_statues_fountains, grunt_decor_mini_mirrors

Skill      XL: |  1  2  3  4  5  6 |
---------------+-------------------+-----
Long Blades    | 4 5 7 8 9 |  9.0
Fighting       | |  2.1
Throwing       | |  2.0
Dodging        | |  4.0

Action                     |  1- 3 |  4- 6 || total
---------------------------+-------+-------++-------
  Melee: Long sword        |   141 |   115 ||   256
         Punch             |     3 |       ||     3
  Evoke: Wand              |       |     1 ||     1
   Stab: Sleeping          |     3 |       ||     3
 Armour: Leather armour    |    49 |    24 ||    73
  Dodge: Dodged            |   143 |    88 ||   231

Table legend: (Time is in decaauts)
 A = Elapsed time spent in this place.
 B = Non-inter-level travel time spent in this place.
 C = Inter-level travel time spent in this place.
 D = Time resting spent in this place.
 E = Time spent auto-exploring this place.
 F = Levels seen in this place.
 G = Mean time per level.
                   A        B        C        D        E       F      G
               +--------+--------+--------+--------+--------+-----+--------+
         Total |   3531 |   3345 |    186 |    629 |   2061 |   4 |  882.8 |
       Dungeon |   3531 |   3345 |    186 |    629 |   2061 |   4 |  882.8 |
               +--------+--------+--------+--------+--------+-----+--------+

Top non-repeatable levels by time:
     D:2: 1212 daAuts
     D:3: 1058 daAuts
     D:1: 752 daAuts
     D:4: 508 daAuts
